 Dungeon Crawl Stone Soup version 0.29-a0-297-g7659ce593d (webtiles) character file.

Game seed: 15568651968491534071

10 kae the Firebug (level 2, -1/16 HPs)
             Began as a Tengu Fire Elementalist on Mar 21, 2022.
             Killed from afar by Robin (10 damage)
             ... with a puff of flame
             ... on level 1 of the Dungeon.
             The game lasted 00:00:24 (598 turns).

kae the Firebug (Tengu Fire Elementalist)            Turns: 598, Time: 00:00:25

Health: -1/16      AC:  2    Str:  8    XL:     2   Next: 20%
Magic:  4/6        EV: 12    Int: 15    God:
Gold:   51         SH:  0    Dex: 14    Spells: 4/5 levels left

rFire   . . .      SeeInvis .   (no weapon)
rCold   . . .      Faith    .   (no shield)
rNeg    . . .      Spirit   .   a - +0 robe
rPois   .          Reflect  .   (helmet restricted)
rElec   .          Harm     .   (no cloak)
rCorr   .          Rampage  .   (no gloves)
Will    .....                   (boots unavailable)
Stlth   ++........              (no amulet)
HPRegen 0.05/turn               (no ring)
MPRegen 0.10/turn               (no ring)

@: no status effects
A: beak, talons 3
a: no special abilities


You were on level 1 of the Dungeon.
You visited 1 branch of the dungeon, and saw 2 of its levels.

You collected 51 gold pieces.

Inventory:

Armour
 a - a +0 robe (worn)
Scrolls
 c - a scroll of fear {unknown}
 d - a scroll of vulnerability {unknown}
 e - a scroll of fog {unknown}
 g - a scroll of immolation
Potions
 b - a potion of magic
 h - 2 potions of brilliance {unknown}


   Skills:
 + Level 0.5 Fighting
 - Level 2.1 Dodging
 - Level 2.0 Stealth
 + Level 2.1 Spellcasting
 + Level 1.8 Conjurations
 * Level 3.6 Fire Magic


You had 4 spell levels left.
You knew the following spells:

 Your Spells              Type           Power      Damage    Failure   Level
a - Foxfire               Conj/Fire      36%        2x1d5     8%          1

Your spell library contained the following spells:

 Spells                   Type           Power      Damage    Failure   Level
 Scorch                   Fire           24%        2d6       8%          2
 Conjure Flame            Conj/Fire      9%         6-21      22%         3
 Inner Flame              Hex/Fire       7%         N/A       30%         3
 Flame Wave               Conj/Fire      9%         2d5       58%         4


Dungeon Overview and Level Annotations

Branches:
Dungeon (2/15)

Altars:

Annotations:
D:1 Robin


Innate Abilities, Weirdness & Mutations

You have a beak for a mouth.
You have claws for feet.


Message History

There are monsters nearby!
There are monsters nearby!
There are monsters nearby!
There are monsters nearby!
Robin roars a battlecry!
The goblins go into a battle-frenzy!
You climb upwards.
There is a stone staircase leading down here.
The hobgoblin completely misses you. The hobgoblin attacks as you move away!
The hobgoblin hits you but does no damage.
Robin attacks as you move away! Robin hits you with a +0 dagger.
The hobgoblin attacks as you move away!
The hobgoblin hits you but does no damage.
Casting: Foxfire (safe; 8% risk of failure)
Confirm with . or Enter, or press ? or * to list all spells.
You conjure some foxfire!
The hobgoblin hits you! Robin hits you with a +0 dagger.
* * * LOW HITPOINT WARNING * * *
The hobgoblin barely misses you. Robin misses you.
Your foxfire dissipates!
Robin laughs in a distinctly smug fashion.
It was a potion of curing.
You feel better. The hobgoblin closely misses you.
The hobgoblin attacks as you move away! The hobgoblin closely misses you.
Casting: Foxfire (safe; 8% risk of failure)
Confirm with . or Enter, or press ? or * to list all spells.
You conjure some foxfire!
The hobgoblin barely misses you.
The foxfire hits the hobgoblin but does no damage. x2
Casting: Foxfire (safe; 8% risk of failure)
Confirm with . or Enter, or press ? or * to list all spells.
You conjure some foxfire!
The hobgoblin hits you. Robin hits you with a +0 dagger.
The foxfire hits Robin.
Robin is moderately wounded.
The foxfire hits the hobgoblin.
The hobgoblin is heavily wounded.
The hobgoblin closely misses you.
Robin zaps a wand.
The puff of flame hits you!
Ouch! That really hurt!
You die...

......⌠.<.⌠.......## ##...#.#.
#..♣♣♣♣♣.♣♣♣♣♣.....## #..#...#
#..# ♣⌠♣ #..>...## #.......
#..##♣♣♣.♣♣♣##...#...### #######.
#................#.#...# ##..
######.......###.#.###.# ###..#
#.......# #.#..##.#####.>.##
#.......###g##..#...##..###
##........g@....###.##.##
##...#.....§...###.##.####
##......................#
##########..........####.#.###.##
.........##...###.#....)...# #...
.........##...##......)...## ####
..................#.###...#
.........##..####...# ##..#
.........##..# ##..####..#######


You could see Robin and a hobgoblin (strong).

Vanquished Creatures
  3 ball pythons (D:1)
  An endoplasm (D:1)
  A goblin (D:1)
  2 hobgoblins (D:1)
  A kobold (D:1)
  A rat (D:1)
9 creatures vanquished.

Vanquished Creatures (others)
  28 foxfires (D:1)
28 creatures vanquished.

Grand Total: 37 creatures vanquished

Notes
Turn   | Place    | Note
-------+----------+-------------------------------------------
     0 | D:1      | kae the Tengu Fire Elementalist began the quest for the
                  | Orb.
     0 | D:1      | Reached XP level 1. HP: 10/10 MP: 4/4
   218 | D:1      | Found a faded altar of an unknown god.
   237 | D:1      | Reached XP level 2. HP: 16/16 MP: 4/6
   583 | D:2      | Noticed Robin
   598 | D:1      | Killed from afar by Robin

Illustrated notes

Levels and vault maps discovered:
D:1:      scummos_arrival_forest, layout_rooms,
          hellmonk_ecumenical_altar_blasted
D:2:      layout_rooms, kennysheep_jessica_study, uniq_robin

Action                   || total
-------------------------++-------
 Cast: Foxfire           ||    21
  Use: Potion            ||     1
Armor: Robe              ||     2
Dodge: Dodged            ||    10

Table legend: (Time is in decaauts)
 A = Elapsed time spent in this place.
 B = Non-inter-level travel time spent in this place.
 C = Inter-level travel time spent in this place.
 D = Time resting spent in this place.
 E = Time spent auto-exploring this place.
 F = Levels seen in this place.
 G = Mean time per level.
                   A        B        C        D        E       F      G
               +--------+--------+--------+--------+--------+-----+--------+
         Total |    598 |    580 |     18 |      0 |    485 |   2 |  299.0 |
       Dungeon |    598 |    580 |     18 |      0 |    485 |   2 |  299.0 |
               +--------+--------+--------+--------+--------+-----+--------+

Top non-repeatable levels by time:
     D:1: 596 daAuts
     D:2: 1 daAuts
